 Dungeon Crawl Stone Soup version 0.18.1-5-g4a78601 (webtiles) character file.

50 inmateoo the Charmwright (level 3, 0/18 HPs)
             Began as a Vine Stalker Skald on May 14, 2016.
             Slain by an adder (1 damage)
             ... on level 2 of the Dungeon.
             The game lasted 00:02:20 (1487 turns).

inmateoo the Charmwright (Vine Stalker Skald)       Turns: 1487, Time: 00:02:21

Health: 0/18       AC:  7    Str: 15    XL:     3   Next: 79%
Magic:  0/7        EV: 16    Int: 12    God:
Gold:   54         SH:  0    Dex: 18    Spells: 1 memorised, 5 levels left

rFire  . . .     SeeInvis .     f - +0 mace (curse)
rCold  . . .     Gourm    .     h - +0 ring mail
rNeg   . . .     Faith    .     (no shield)
rPois  .         Spirit   +     (no helmet)
rElec  .         Dismiss  .     e - +1 cloak
rCorr  .         Reflect  .     (no gloves)
SustAt .         Harm     .     (no boots)
MR     .....                    i - amulet of inaccuracy (curse)
Stlth  ++........               (no ring)
                                (no ring)

@: agile, lethally poisoned (0 -> -1), not resistant to hostile enchantments,
unstealthy
A: fangs 2, regeneration 1, magic shield, antimagic bite, no device heal 3, rot
immunity
a: no special abilities


You were on level 2 of the Dungeon.
You were not hungry.

You visited 1 branch of the dungeon, and saw 2 of its levels.

You collected 54 gold pieces.

Inventory:

Hand Weapons
 a - a +0 hand axe
 f - a cursed +0 mace (weapon)
Armour
 e - a +1 cloak (worn)
 h - a +0 ring mail (worn)
Jewellery
 i - a cursed amulet of inaccuracy (around neck)
Scrolls
 n - a scroll of noise {unknown}
Books
 c - a book of Battle

   Spells                             Type                      Level
   a - Infusion                       Charms                       1
   b - Shroud of Golubria             Charms/Translocation         2
   c - Song of Slaying                Charms                       2
   d - Spectral Weapon                Hexes/Charms                 3
   e - Regeneration                   Charms/Necromancy            3
Comestibles
 d - 3 bread rations
 k - 2 beef jerkies


   Skills:
 + Level 2.0 Fighting
 * Level 2.7 Axes
 + Level 1.3 Armour
 * Level 1.5 Dodging
 - Level 2.1 Spellcasting
 - Level 3.0 Charms


You had 5 spell levels left.
You knew the following spells:

 Your Spells              Type           Power        Failure   Level  Hunger
a - Infusion              Chrm           #...         17%         1    ##.....


Dungeon Overview and Level Annotations

Branches:
Dungeon (2/15)

Altars:


Innate Abilities, Weirdness & Mutations

You have extremely sharp teeth.
Your natural rate of healing is unusually fast.
When hurt, damage is shared between your health and your magic reserves.
Your bite disrupts and absorbs the magic of your enemies.
Potions and wands cannot restore your health.
You are immune to rotting.


Message History

You feel sick. The adder barely misses you.
You miss the adder. Your bite misses the adder. The adder bites you.
* * * LOW HITPOINT WARNING * * *
The adder bites you but does no damage.
You miss the adder.
You feel sick. The adder bites you.
* * * LOW HITPOINT WARNING * * *
The adder misses you.
You closely miss the adder. Your bite misses the adder.
* * * LOW HITPOINT WARNING * * *
You feel sick. The adder closely misses you.
The adder bites you but does no damage.
You barely miss the adder. The adder bites you but does no damage.
You closely miss the adder.
* * * LOW HITPOINT WARNING * * *
You feel sick. The adder completely misses you. The adder bites you.
You miss the adder. The adder closely misses you.
The adder bites you but does no damage.
Unknown command.
You miss the adder. The adder closely misses you. The adder bites you.
You die...

#.########.# #.#........#
#..........# #.....####.#
#.....#..#.# #.....#..#.#
#.....#..#.# #.....
#.....#..#.#.# #.....
#.....#..#@#.# #.....
#........#S#.# #.....
#######...#.##.#w#.#
#.....
..........#.##.#)#.#
#.....
#######...#.##.#.#.#####.
#.....
#...#..............
#..<..
#...####...........
#.....
#...#..............
#.[...
#.................)
#.....


You could see a worm and an adder.

Vanquished Creatures
  2 dart slugs
  2 giant geckos
  3 bats (D:1)
  5 giant cockroaches
  5 goblins
  4 hobgoblins
  7 kobolds
  2 quokkas (D:2)
  4 giant newts
  6 rats
40 creatures vanquished.

Notes
Turn   | Place    | Note
--------------------------------------------------------------
     0 | D:1      | inmateoo the Vine Stalker Skald began the quest for the Orb.
     0 | D:1      | Reached XP level 1. HP: 11/11 MP: 4/4
   184 | D:1      | Reached skill level 1 in Armour
   270 | D:1      | Reached skill level 1 in Dodging
   363 | D:1      | Reached XP level 2. HP: 15/15 MP: 6/6
   813 | D:1      | Reached XP level 3. HP: 18/18 MP: 7/7
  1487 | D:2      | Slain by an adder

Skill      XL: |  1  2 |
---------------+-------+-----
Axes           | 2 |  2.7
Armour         | 1 |  1.3
Dodging        | 1 |  1.5
Fighting       | 2 |  2.0
Spellcasting   | |  2.1
Charms         | |  3.0

Action                   || total
-------------------------++-------
Melee: Mace              ||   171
       Hand axe          ||    14
       Bite              ||    32
  Use: Scroll            ||     3
       Potion            ||     5
  Eat: Chunk             ||     2
Armor: Leather armour    ||    36
       Ring mail         ||    40
Dodge: Dodged            ||   147
